[Event "Marienbad Open IM B 2025"]
[Site "Marianske Lazne"]
[Date "2025.01.18"]
[Round "1.11"]
[White "Senthil Maran K"]
[Black "Konopka, Michal"]
[Result "1/2-1/2"]
[Annotator "TA"]
[ECO "D71"]
[WhiteElo "2398"]
[BlackElo "2321"]
[PlyCount "51"]
[EventDate "2025.01.18"]
[EventType "tourn"]
[EventCountry "CZE"]
[SourceTitle "playchess.com"]
[Source "ChessBase"]
[SourceQuality "1"]
[TimeControl "40/5400+30:1800+30"]

1. d4 Nf6 2. c4 g6 3. g3 c6 4. Nc3 d5 5. Qb3 Bg7 6. Bg2 e6 7. Nf3 O-O 8. O-O b6 9. Bf4 Ba6 10. cxd5 cxd5 11. Rfc1 Nc6 12. Qa4 Bb7 $1 13. Nb5 Ne8 {[%emt 0:03:53] Wards off Nd6} 14. Ne5 Nxe5 15. Bxe5 a6 16. Na3 f6 17. Bf4 Rf7 18. Bh3 f5 (18... g5 {with more complications.} 19. Bxe6 gxf4 20. Bxf7+ Kxf7 21. gxf4 Qe7) 19. Be5 Nd6 20. Bxg7 Kxg7 21. Nc2 Rc8 {[%emt 0:01:31] aiming for ...Rfc7.} 22. Ne1 Rc4 23. Qd1 Rfc7 24. b3 Rxc1 25. Rxc1 a5 26. Nd3 1/2-1/2

[Event "Marienbad Open IM B 2025"]
[Site "Marianske Lazne"]
[Date "2025.01.18"]
[Round "1.12"]
[White "Van der Hagen, Loek"]
[Black "Bhagat Kush"]
[Result "1-0"]
[Annotator "TA"]
[ECO "B68"]
[WhiteElo "2299"]
[BlackElo "2294"]
[PlyCount "81"]
[EventDate "2025.01.18"]
[EventType "tourn"]
[EventCountry "CZE"]
[SourceTitle "playchess.com"]
[Source "ChessBase"]
[SourceQuality "1"]
[TimeControl "40/5400+30:1800+30"]

1. e4 c5 2. Nf3 d6 3. d4 cxd4 4. Nxd4 Nf6 5. Nc3 Nc6 6. Bg5 e6 7. Qd2 a6 8. O-O-O Bd7 9. f4 Be7 10. Nf3 b5 11. e5 b4 12. exf6 bxc3 13. Qxc3 gxf6 14. Bh4 Rg8 15. Kb1 Rb8 16. g3 d5 17. Be2 Nb4 18. Qd2 Qa5 (18... Nxa2 $5 19. Kxa2 Bb4 $17) 19. a3 Nc6 {[%emt 0:01:37][%cal Ob8b2] ...Rxb2+! is the strong threat.} 20. Qxa5 Nxa5 21. Bxa6 Rb6 (21... Kf8 $14) 22. Bd3 $16 Nc4 23. Bxc4 (23. Bxh7 Nxb2 (23... Rxb2+ 24. Ka1 $14) (23... Nxa3+ 24. Ka1 $11) 24. Kc1 Rh8 $17) 23... dxc4 24. Nd2 c3 25. Nc4 Rb8 (25... Ra6 $1 $14) 26. b3 $18 Bb5 (26... Bc6 $142) 27. Nd6+ Bxd6 28. Rxd6 Ke7 29. Rd4 Bc6 30. Re1 Rgd8 31. Rc4 Rb6 32. Re3 Rd1+ 33. Ka2 Rd2 34. Rexc3 Bd7 35. Rd3 Rd6 (35... Rxd3 $142 36. cxd3 Rd6) 36. Rxd6 Rxd6 37. a4 Rd2 38. a5 Bb5 39. Rc5 Bd3 40. Kb1 Bf1 41. Rc7+ 1-0

[Event "Marienbad Open IM B 2025"]
[Site "Marianske Lazne"]
[Date "2025.01.18"]
[Round "1.13"]
[White "Ochedzan, Filip"]
[Black "Roesemann, Rainer"]
[Result "1/2-1/2"]
[Annotator "TA"]
[ECO "B33"]
[WhiteElo "2138"]
[BlackElo "2276"]
[PlyCount "174"]
[EventDate "2025.01.18"]
[EventType "tourn"]
[EventCountry "CZE"]
[SourceTitle "playchess.com"]
[Source "ChessBase"]
[SourceQuality "1"]
[TimeControl "40/5400+30:1800+30"]

1. e4 c5 2. Nf3 Nc6 3. d4 cxd4 4. Nxd4 Nf6 5. Nc3 g6 6. Nxc6 dxc6 7. Qxd8+ Kxd8 8. Bg5 (8. Bc4 $14) 8... Be6 $11 9. O-O-O+ Ke8 10. f3 Bg7 11. Be2 Nd7 12. a3 (12. Bd2 $142) 12... Nb6 (12... Bxc3 13. bxc3 f6) 13. Rhe1 (13. Bd2 {deserves consideration.}) 13... Bxc3 14. bxc3 Bc4 15. Bd3 f6 16. Be3 Be6 17. Bxb6 ({White should try} 17. f4 $11) 17... axb6 $15 18. Kb2 b5 19. f4 Rd8 20. f5 gxf5 21. exf5 Bd5 22. Re2 Rg8 23. Rde1 Rd7 24. g3 Rg4 25. Re3 Kf7 26. h3 Ra4 27. g4 h6 28. Rd1 Ke8 29. Bf1 Rf4 30. Red3 Rc7 31. Rd4 Rxd4 32. Rxd4 $11 {[%emt 0:05:11][%cal Of1b5][%mdl 4096] Endgame KRB-KRB} Rd7 33. Kc1 Rd8 34. Kd2 e5 (34... Bf7 {simplifies} 35. Rxd8+ Kxd8 36. Ke3 Kd7) 35. fxe6 Ke7 36. Ke3 Ra8 ({Of course not} 36... Kxe6 37. a4 $16) 37. Bxb5 $1 Rxa3 38. Kd2 Kxe6 (38... cxb5 39. Rxd5 b4 40. Rd7+ (40. cxb4 Rxh3 41. Rb5 Rg3 $15) 40... Kxe6 41. Rh7 (41. Rxb7 Rxc3 42. Rb6+ Ke7 $11) 41... Rxc3 (41... bxc3+ 42. Kd3 $16) 42. Rxh6) 39. Bc4 Ra1 40. Bxd5+ cxd5 {[%emt 0:00:10] KR-KR} 41. c4 dxc4 42. Rxc4 Rh1 43. Ke3 Rxh3+ 44. Kf4 Rh2 45. Rb4 Rxc2 46. Rxb7 Rc3 47. Rh7 Rh3 48. Rb7 h5 49. Rb6+ Kf7 50. gxh5 Rxh5 51. Ra6 Kg6 52. Rb6 Rh4+ 53. Kg3 Ra4 54. Rb3 Kg5 55. Rb5+ f5 56. Rb3 Rg4+ 57. Kf2 Rh4 58. Ra3 Kg4 59. Ra4+ f4 60. Ra3 Rh2+ 61. Kg1 Rb2 62. Kf1 Rd2 63. Rb3 Kf5 64. Rb5+ Ke4 65. Rb4+ Kf3 66. Rb3+ Kg4 67. Ra3 Rh2 68. Kg1 Re2 69. Kf1 Re4 70. Kf2 Rb4 71. Kg2 Rd4 72. Kf2 Re4 73. Rb3 Ra4 74. Kg2 Rc4 75. Kf2 Rc2+ 76. Kf1 Rh2 77. Kg1 Re2 78. Kf1 Re3 79. Rxe3 $1 fxe3 {[%emt 0:00:09] KP-K. Black is a pawn up.} 80. Ke2 Kf4 81. Ke1 Ke5 (81... Kf3 $5 82. Kf1 $8 Kg4 $11) 82. Ke2 Ke4 (82... Kd4 $5) 83. Ke1 Kd4 (83... Kd3 $5 84. Kd1 $8 Kd4 $11) 84. Ke2 Ke4 85. Ke1 Kd3 {[%emt 0:00:05] ( -> ...e2)} (85... Kd4 $5) 86. Kd1 e2+ 87. Ke1 Ke3 1/2-1/2

[Event "Marienbad Open IM B 2025"]
[Site "Marianske Lazne"]
[Date "2025.01.18"]
[Round "1.14"]
[White "Tichy, Stepan"]
[Black "Sliwerski, Radoslaw"]
[Result "1/2-1/2"]
[Annotator "RC"]
[ECO "A15"]
[WhiteElo "2184"]
[BlackElo "2040"]
[PlyCount "137"]
[EventDate "2025.01.18"]
[EventType "tourn"]
[EventCountry "CZE"]
[SourceTitle "playchess.com"]
[Source "ChessBase"]
[SourceQuality "1"]
[TimeControl "40/5400+30:1800+30"]

1. c4 Nf6 2. g3 e5 3. Bg2 d5 4. cxd5 Nxd5 5. Nc3 Nb6 6. Nf3 Nc6 7. O-O Be7 8. a4 a5 9. Nb5 e4 10. Ne1 f5 11. d3 O-O 12. Qb3+ Qd5 13. Qxd5+ Nxd5 14. dxe4 fxe4 15. Bxe4 Ncb4 16. Nd3 c6 17. Nc3 Bh3 18. Nxd5 Nxd5 19. Rd1 Rad8 20. Nf4 Nxf4 21. Bxf4 Bf6 22. Bc7 Bxb2 23. Rxd8 Rxd8 24. Bxd8 Bxa1 25. Bxa5 Bd4 26. e3 Ba7 27. Bc3 g6 28. Bd4 c5 29. Bd5+ Kf8 30. Bc3 Bd7 31. Bxb7 Bxa4 32. Ba6 Bb3 33. Kf1 Bd5 34. Ke2 Ke7 35. Kd3 Kd6 36. Bc4 Bf3 37. e4 Ke7 38. Ke3 Bg4 39. f3 Bd7 40. h4 Bb8 41. f4 h5 42. e5 Bc7 43. Bd5 Bb6 44. Bc4 Bc6 45. Be1 Bd7 46. Bf2 Bh3 47. Kd3 Bf5+ 48. Kc3 Be4 49. Kb3 Bc6 50. Be1 Be4 51. Ka4 Bc6+ 52. Bb5 Be4 53. Kb3 Bd5+ 54. Bc4 Be4 55. Bd2 Bf5 56. Be1 Be4 57. Be2 Bd5+ 58. Kc2 Ke6 59. g4 Be4+ 60. Kd1 hxg4 61. Bxg4+ Kd5 62. h5 gxh5 63. Bxh5 Bf5 64. Bf3+ Ke6 65. Bb7 Bd3 66. Bc8+ Kd5 67. e6 Bd8 68. Bc3 Be7 69. Kd2 1/2-1/2

[Event "Marienbad Open IM B 2025"]
[Site "Marianske Lazne"]
[Date "2025.01.19"]
[Round "2.11"]
[White "Konopka, Michal"]
[Black "Vaculik, Jakub"]
[Result "1-0"]
[Annotator "TA"]
[ECO "D02"]
[WhiteElo "2321"]
[BlackElo "2281"]
[PlyCount "51"]
[EventDate "2025.01.18"]
[EventType "tourn"]
[EventCountry "CZE"]
[SourceTitle "playchess.com"]
[Source "ChessBase"]
[SourceQuality "1"]
[TimeControl "40/5400+30:1800+30"]

1. Nf3 d5 2. d4 Nf6 3. c4 c6 4. g3 Bf5 5. Nc3 e6 6. Nh4 Bg6 7. Qb3 Qb6 8. Nxg6 hxg6 9. c5 Qxb3 10. axb3 e5 11. e3 $14 Be7 12. b4 ({Reject} 12. dxe5 Nfd7 $11) 12... Nbd7 13. b5 Ng4 14. bxc6 bxc6 15. Ba6 Rb8 {[%emt 0:21:12] Repels Bb7} 16. Be2 Nh6 17. Rxa7 Bf6 (17... exd4 $142 18. exd4 Nf5) 18. O-O exd4 19. exd4 Bxd4 20. Bf4 Rd8 21. Rc7 {[%emt 0:08:11] White has more active pieces.} Nxc5 22. Rxc6 Ne6 23. Bd6 Nf5 {[%emt 0:02:35] and ...Kd7 would now be decisive} 24. Ba3 {Hoping for Bb5. This pair of bishops is nice.} Bxc3 $2 (24... Ne7 $16 25. Ra6 Bc5) 25. Bb5 $18 ({Less strong is} 25. bxc3 Kd7 26. Bb5 Rb8 27. Rd6+ Ke7 28. Rxd5+ Kf6 $18) (25. Rxc3 Nfd4 26. Ba6 Ra8 $16) 25... Rb8 26. Rc8# 1-0

[Event "Marienbad Open IM B 2025"]
[Site "Marianske Lazne"]
[Date "2025.01.19"]
[Round "2.12"]
[White "Sliwerski, Radoslaw"]
[Black "Pisk, Petr"]
[Result "1/2-1/2"]
[Annotator "TA"]
[ECO "A41"]
[WhiteElo "2040"]
[BlackElo "2302"]
[PlyCount "30"]
[EventDate "2025.01.18"]
[EventType "tourn"]
[EventCountry "CZE"]
[SourceTitle "playchess.com"]
[Source "ChessBase"]
[SourceQuality "1"]
[TimeControl "40/5400+30:1800+30"]

1. d4 d6 2. Nf3 Bg4 3. c4 Bxf3 4. exf3 c6 5. Nc3 g6 6. Be3 Bg7 7. Qd2 {[%emt 0:00:15] White is more active.} Nd7 8. Be2 Ngf6 9. O-O O-O 10. Rac1 Re8 11. b3 a6 12. d5 Qa5 13. dxc6 bxc6 14. Ne4 (14. g4 $16) 14... Qxd2 $11 15. Nxd2 a5 1/2-1/2

[Event "Marienbad Open IM B 2025"]
[Site "Marianske Lazne"]
[Date "2025.01.19"]
[Round "2.13"]
[White "Roesemann, Rainer"]
[Black "Tichy, Stepan"]
[Result "1-0"]
[Annotator "TA"]
[ECO "A14"]
[WhiteElo "2276"]
[BlackElo "2184"]
[PlyCount "103"]
[EventDate "2025.01.18"]
[EventType "tourn"]
[EventCountry "CZE"]
[SourceTitle "playchess.com"]
[Source "ChessBase"]
[SourceQuality "1"]
[TimeControl "40/5400+30:1800+30"]

1. c4 Nf6 2. g3 e6 3. Bg2 d5 4. Nf3 Be7 5. O-O O-O 6. b3 c6 7. Bb2 b6 8. d3 Bb7 9. Nbd2 c5 10. e3 $1 Nc6 11. Qe2 Qc7 12. Rac1 a5 13. Nb1 Rad8 14. Nc3 Na7 15. Rfd1 Rfe8 (15... d4 {looks sharper.} 16. Nb5 Nxb5 17. cxb5 dxe3 18. fxe3 Ng4) 16. d4 Ne4 17. cxd5 Nxc3 18. Bxc3 Bxd5 19. dxc5 Bxc5 20. Bd4 Rd6 21. Bxc5 bxc5 22. Qc2 Bxf3 23. Rxd6 (23. Bxf3 $16 Rxd1+ 24. Rxd1 (24. Bxd1 Rc8 $16) (24. Qxd1 g6 $16)) 23... Qxd6 ({Better is} 23... Bxg2 $14 24. Qxc5 Qb7) 24. Bxf3 $16 Rc8 {[%emt 0:01:12] Black is weak on the light squares} 25. Qc4 Qb6 26. Rd1 Nb5 27. Be2 (27. Rd7 $18 Nd6 28. Qd3) 27... Nd6 $14 28. Qf4 Rd8 29. Qg5 Nb7 30. Rc1 Rd2 31. Bf3 $1 g6 (31... h6 $142 32. Qe5 Nd6) 32. h4 h5 33. Qe5 $1 (33. Bxh5 $2 Rd5 (33... Rxa2 $2 34. Bxg6 fxg6 35. Rd1 $18) 34. Qe7 Rxh5 $19 (34... gxh5 $2 35. e4 $19)) 33... Rd7 34. Rc4 {[%emt 0:10:30] White has more active pieces.} Rc7 (34... Qc7 $16 35. Qc3 Kh7) 35. g4 (35. Bxb7 $1 $18 {and the rest is easy.} Qxb7 36. Rxc5 Rxc5 37. Qxc5) 35... Nd6 (35... Qd6 $16 {might work better.} 36. Qc3 hxg4 37. Rxg4 c4) 36. Rf4 $18 hxg4 37. Bxg4 $2 (37. Rxg4 $18 {and h5 should not be overlooked} Nf5 38. h5) 37... c4 $11 {[%emt 0:00:23] aiming for ...c3.} 38. Rd4 $36 {[%emt 0:02:38][%mdl 2048] White is more active.} Nb7 $2 {[%emt 0:00:40][%mdl 8192] [#]} (38... cxb3 $1 $11 {and Black has nothing to worry.} 39. axb3 (39. Qxd6 $2 {too greedy.} Rc1+ 40. Kg2 Qxd6 $19) 39... Ne8) 39. bxc4 (39. h5 $1 $18 cxb3 40. h6) 39... Qc5 $16 40. Qg3 Kf8 (40... Qe7 $16 41. Bf3 Kh7) 41. Bf3 Ke7 42. h5 $1 gxh5 43. Qh4+ f6 {[#]} 44. Bxb7 $1 (44. Bxh5 Qg5+ 45. Kf1 Qxh4 46. Rxh4 Kd6 $16) 44... Rxb7 $18 {[%emt 0:01:08][%mdl 4096] Endgame KQR-KQR} 45. Qe4 {Prevents Rb1+} Qg5+ $2 (45... Qb6 $18 46. Qh7+ Kf8 47. Qh8+ (47. Qxh5 Rg7+ 48. Kf1 e5 $16) 47... Ke7 48. Qg7+ (48. Qxh5 Qc6 $18) 48... Ke8 49. Qxf6 Rf7) 46. Kf1 Rb2 47. Qh7+ Ke8 48. Qh8+ ({Less strong is} 48. Rd7 Rb1+ 49. Qxb1 Kxd7 $14) 48... Ke7 49. Qd8+ Kf7 50. Rd7+ Kg6 51. Qg8+ Kf5 52. Qh7+ 1-0

[Event "Marienbad Open IM B 2025"]
[Site "Marianske Lazne"]
[Date "2025.01.19"]
[Round "2.14"]
[White "Bhagat Kush"]
[Black "Ochedzan, Filip"]
[Result "0-1"]
[Annotator "TA"]
[ECO "B51"]
[WhiteElo "2294"]
[BlackElo "2138"]
[PlyCount "98"]
[EventDate "2025.01.18"]
[EventType "tourn"]
[EventCountry "CZE"]
[SourceTitle "playchess.com"]
[Source "ChessBase"]
[SourceQuality "1"]
[TimeControl "40/5400+30:1800+30"]

1. e4 c5 2. Nf3 d6 3. Bb5+ Nd7 4. d4 a6 5. Bd3 cxd4 6. Nxd4 Ngf6 7. O-O e6 8. c4 Be7 9. Nc3 O-O 10. b3 Qc7 11. Bb2 b6 12. Re1 Bb7 13. Qe2 Rfe8 14. Rad1 Rad8 15. Bb1 Nc5 16. Rc1 Qb8 17. b4 Ncd7 18. a3 Bf8 19. Nb3 Rc8 20. Red1 (20. f4 {is more appropriate.}) 20... d5 $11 21. Nd2 (21. exd5 $2 exd5 22. Qf1 dxc4 $17 (22... Rxc4 23. h3 $17)) (21. Bd3 $1 $11 {remains equal.}) 21... d4 22. Na2 (22. e5 $1 $15) 22... e5 $17 {[%emt 0:00:20] Black is more active.} 23. Bd3 (23. f4 $142) 23... a5 $36 {[%emt 0:02:25][%mdl 2048] Black is on the roll.} 24. Re1 axb4 25. axb4 Qd6 26. Nb3 Ra8 27. c5 (27. Ra1 $17) 27... bxc5 $19 28. bxc5 Qc7 29. Nb4 Bxc5 30. Nd5 $2 {[%emt 0:00:30] Prevents Qb6} Bxd5 (30... Nxd5 31. exd5 Qd6 (31... Bxd5 32. Nxc5 Nxc5 33. Bxd4 $16) 32. Bxh7+ Kxh7 33. Nxc5 Nxc5 34. Qc2+ d3 35. Qxc5 Qxd5 36. Qxd5 Bxd5 37. Re3 $17) 31. exd5 Qd6 (31... Nxd5 32. Bf5 Nf4 33. Qf3 $15) 32. Bb5 {[%emt 0:00:46] Threatens to win with Nxc5.} Reb8 (32... Qxd5 33. Nxc5 Nxc5 34. Bxe8 $16) 33. Nxc5 Nxc5 34. Bc6 {[%emt 0:00:16] [#]} (34. Bc4 $142) 34... Ra2 $1 35. Rb1 $2 (35. Qc4 Nb3 (35... Raxb2 36. Qxc5 Qxc5 37. Rxc5 $19) 36. Rb1) 35... Rbxb2 36. Rxb2 Rxb2 37. Qxb2 Nd3 $1 {[%emt 0:00:06] A dynamic duo of knights.} (37... Nxd5 $2 {is the wrong capture.} 38. Bxd5 g5 39. Qa2 $18) 38. Qd2 Nxe1 39. Qxe1 Nxd5 {[%emt 0:00:30][%mdl 4096] Endgame KQB-KQN. Black is two pawns up.} 40. Qa5 Nc7 ({Stronger than} 40... Qxc6 41. Qd8+) 41. Be4 g6 42. h4 h5 43. Bd3 Kg7 44. g3 Ne6 45. Qa7 Qd5 46. Bb1 (46. Qa6 $142) 46... d3 {[%emt 0:00:00] Threatens to win with ...Nd4.} 47. Qa4 Nc5 (47... Nd4 $142 48. Bxd3 Nf3+ 49. Kf1 Qxd3+ 50. Kg2 Ne1+ (50... Qd5 $2 51. Qb4 $19) 51. Kg1 Qf3) 48. Qd1 e4 49. Qd2 Qb3 0-1

[Event "Marienbad Open IM B 2025"]
[Site "Marianske Lazne"]
[Date "2025.01.19"]
[Round "2.15"]
[White "Senthil Maran K"]
[Black "Van der Hagen, Loek"]
[Result "1-0"]
[Annotator "TA"]
[ECO "D23"]
[WhiteElo "2398"]
[BlackElo "2299"]
[PlyCount "139"]
[EventDate "2025.01.18"]
[EventType "tourn"]
[EventCountry "CZE"]
[SourceTitle "playchess.com"]
[Source "ChessBase"]
[SourceQuality "1"]
[TimeControl "40/5400+30:1800+30"]

1. d4 d5 2. c4 dxc4 3. Nf3 Nf6 4. Qa4+ Nbd7 5. Qxc4 e6 6. Bg5 h6 7. Bh4 Be7 8. Nbd2 b6 9. Qc6 Ba6 10. Bxf6 Bxf6 11. e3 Bxf1 12. Nxf1 O-O 13. N1d2 e5 14. O-O Re8 15. Ne4 Re6 16. Qd5 c6 17. Nxf6+ Rxf6 18. Qe4 exd4 19. Qxd4 Qc7 20. Rfd1 Nf8 21. Rac1 Re8 22. b4 Qb8 23. h3 c5 24. bxc5 Ne6 25. Qd6 Nxc5 26. Qxb8 Rxb8 27. Ne5 Re8 28. Nd7 Nxd7 29. Rxd7 $11 {[%emt 0:00:08][%mdl 4096] Endgame KRR-KRR} a6 30. Rcc7 Re5 31. g4 {[%emt 0:01:48] Threatening Rc8+.} Ra5 32. Rd2 Ra3 33. Kg2 g6 34. h4 Ra5 (34... Kg7 $11) 35. f4 (35. Rc8+ $14 Kg7 36. Rdd8) 35... g5 (35... Kg7 $11) 36. hxg5 {[%emt 0:01:28] White is more active.} (36. f5 $16 Kg7 37. h5) 36... hxg5 37. f5 Kg7 38. Kf3 Rh6 $1 39. Rdd7 Rf6 $1 40. Rc2 Rh6 {[%emt 0:00:36] Prevents Rh2.} 41. Kg3 {[%emt 0:30:46] Against Rh3+} Ra3 42. Re7 Kf8 43. Re4 Kg7 44. Re8 Rh1 45. Re7 Rh6 46. Kg2 Kf8 47. Re5 Kg7 48. Re4 {[%emt 0:00:00] Prevents Ra4} Rh4 49. Kg3 Rh1 50. Re7 Rh6 51. Rcc7 Rf6 52. Kf3 Kf8 53. Ke4 Kg7 54. Red7 Rxa2 55. Ke5 Ra5+ 56. Rd5 Rxd5+ (56... Rh6 $11 {keeps the balance.}) 57. Kxd5 {[%emt 0:00:01] KR-KR. Black is a pawn up.} Rh6 $2 (57... b5 $16 {is a better defense.}) 58. e4 $18 Rh1 $2 (58... Rh8) 59. e5 {[%emt 0:00:08] And now e6 would win.} Kf8 60. f6 Rd1+ {[%emt 0:00:51] [#]} 61. Ke4 $1 Rd8 {[%emt 0:00:58] Against Rc8} 62. Kf5 Re8 63. Rb7 (63. Kxg5 Rxe5+ 64. Kh6 a5) 63... b5 64. Rb6 {[%emt 0:01:34] Prevents Re6.} (64. Kxg5 Rxe5+ 65. Kh6 Ke8 $18) 64... a5 65. Rxb5 Ra8 66. e6 {[%emt 0:01:53] Rb7 would kill now.} fxe6+ 67. Kg6 e5 68. Rb7 Kg8 69. Rg7+ Kh8 70. Rh7+ 1-0

[Event "Marienbad Open IM B 2025"]
[Site "Marianske Lazne"]
[Date "2025.01.20"]
[Round "3.11"]
[White "Van der Hagen, Loek"]
[Black "Konopka, Michal"]
[Result "1/2-1/2"]
[Annotator "TA"]
[ECO "B10"]
[WhiteElo "2299"]
[BlackElo "2321"]
[PlyCount "34"]
[EventDate "2025.01.18"]
[EventType "tourn"]
[EventCountry "CZE"]
[SourceTitle "playchess.com"]
[Source "ChessBase"]
[SourceQuality "1"]
[TimeControl "40/5400+30:1800+30"]

1. e4 c6 2. Nc3 d5 3. Nf3 dxe4 4. Nxe4 Nf6 5. Qe2 Na6 6. d4 Nxe4 7. Qxe4 Qd5 {[%emt 0:00:42] Against Bc4} 8. Qxd5 cxd5 9. Ne5 {[%emt 0:01:32] Bb5+ is the strong threat.} Nb8 10. Bb5+ Nd7 11. h4 a6 {[%emt 0:02:51] Black is weak on the dark squares} 12. Nxd7 Bxd7 13. Bd3 h5 14. Bf4 g6 15. Be5 Rg8 16. O-O-O Bh6+ 17. Kb1 f6 1/2-1/2

[Event "Marienbad Open IM B 2025"]
[Site "Marianske Lazne"]
[Date "2025.01.20"]
[Round "3.12"]
[White "Ochedzan, Filip"]
[Black "Senthil Maran K"]
[Result "1/2-1/2"]
[Annotator "TA"]
[ECO "B15"]
[WhiteElo "2138"]
[BlackElo "2398"]
[PlyCount "78"]
[EventDate "2025.01.18"]
[EventType "tourn"]
[EventCountry "CZE"]
[SourceTitle "playchess.com"]
[Source "ChessBase"]
[SourceQuality "1"]
[TimeControl "40/5400+30:1800+30"]

1. e4 c6 2. d4 d5 3. Nc3 dxe4 4. Nxe4 Nf6 5. Nxf6+ exf6 6. c3 Bd6 7. Bd3 O-O 8. Qc2 {[%emt 0:00:07] Active counter play!} Re8+ 9. Ne2 h5 10. O-O h4 {[%emt 0:00:17] White is slightly better.} 11. Nf4 Nd7 12. Qd1 Nf8 13. Qh5 Qc7 14. g3 (14. Qxh4 $2 {perishes.} g5 15. Qh6 gxf4 $19 (15... Bxf4 $2 16. Be3 $19)) 14... Qd7 15. Bd2 (15. Qxh4 $2 {loses.} g5 16. Qh6 gxf4 17. Bxf4 Bxf4 18. Qxf4 Qd5 $19) 15... Bxf4 16. Bxf4 g5 (16... hxg3 {simplifies} 17. hxg3 Qh3 18. Qxh3 Bxh3 19. Rfe1 Ne6) 17. Be3 Qh3 {[%emt 0:08:00] [#] Strongly threatening ...Bg4.} 18. Qf3 Kg7 19. Rfe1 Bg4 20. Qg2 Ng6 (20... hxg3 {simplifies} 21. fxg3 Qxg2+ 22. Kxg2 Ng6) 21. Qxh3 Bxh3 22. f4 hxg3 23. hxg3 gxf4 24. Bxf4 Nxf4 25. gxf4 Be6 (25... Rxe1+ $11 26. Rxe1 Be6) 26. Kf2 (26. f5 $1 $14 Bd7 27. Kf2) 26... f5 $11 {[%emt 0:00:54] The position is equal.} 27. Rh1 Rh8 28. Ke3 Kf6 29. c4 Rag8 30. Rxh8 Rxh8 {[%emt 0:00:02][%mdl 4096] Endgame. KRB-KRB} 31. Rf1 a6 32. a4 a5 33. Rf2 Bd7 34. Rf1 Ke7 35. b3 Kd6 36. Rf2 b6 37. Rf1 Rh5 38. Rf2 f6 39. Rf3 Rh2 {[%emt 0:00:59] Weighted Error Value: White=0.05 (flawless) /Black=0.05 (flawless) .  Mistake:       	White=1     	Black=1      Inaccurate:     	White=2     	Black=1      OK:         	White=10    	Black=15     Best:        	White=1     	---} 1/2-1/2

[Event "Marienbad Open IM B 2025"]
[Site "Marianske Lazne"]
[Date "2025.01.20"]
[Round "3.13"]
[White "Tichy, Stepan"]
[Black "Bhagat Kush"]
[Result "1/2-1/2"]
[Annotator "NA RC"]
[ECO "A10"]
[WhiteElo "2184"]
[BlackElo "2294"]
[PlyCount "22"]
[EventDate "2025.01.18"]
[EventType "tourn"]
[EventCountry "CZE"]
[SourceTitle "playchess.com"]
[Source "ChessBase"]
[SourceQuality "1"]
[TimeControl "40/5400+30:1800+30"]

1. c4 g6 2. g3 Bg7 3. Bg2 d6 4. Nc3 Nf6 5. d3 e5 6. Nf3 O-O 7. O-O a5 8. e4 h6 9. h3 Be6 10. b3 Nc6 11. Nd5 Nd7 1/2-1/2

[Event "Marienbad Open IM B 2025"]
[Site "Marianske Lazne"]
[Date "2025.01.20"]
[Round "3.14"]
[White "Pisk, Petr"]
[Black "Roesemann, Rainer"]
[Result "1-0"]
[Annotator "TA"]
[ECO "B10"]
[WhiteElo "2302"]
[BlackElo "2276"]
[PlyCount "108"]
[EventDate "2025.01.18"]
[EventType "tourn"]
[EventCountry "CZE"]
[SourceTitle "playchess.com"]
[Source "ChessBase"]
[SourceQuality "1"]
[TimeControl "40/5400+30:1800+30"]

1. e4 c6 2. Nf3 d5 3. d3 dxe4 4. dxe4 Qxd1+ 5. Kxd1 Nf6 6. Nbd2 Bg4 7. Be2 Nbd7 8. Ne1 e5 9. Bxg4 Nxg4 10. Ke2 Nc5 11. f3 Nf6 12. Nc4 Nfd7 13. Be3 f6 14. Rd1 b6 15. Nd3 O-O-O 16. Nxc5 Bxc5 17. Nd6+ Bxd6 $1 18. Rxd6 Nb8 19. Rxd8+ Rxd8 $11 {[%emt 0:00:34][%mdl 4096] Endgame KRB-KRN} 20. g3 c5 21. f4 Nc6 22. c3 Kd7 23. f5 Na5 24. g4 Nc4 25. Bc1 Nd6 26. Kf3 Nf7 27. h4 Ke7 28. Be3 Rd3 29. c4 h6 30. Rb1 Rd7 31. b4 cxb4 32. c5 Rd3 33. cxb6 (33. Rxb4 bxc5 34. Rb7+ Ke8 $14) 33... axb6 34. Rb3 Rc3 35. Rxb4 Nd6 36. Rb3 (36. Rxb6 $2 {too greedy.} Rxe3+ (36... Rc4 37. Bd2 $11) 37. Kxe3 Nc4+ 38. Kd3 Nxb6 $19) 36... Rc4 37. Rxb6 Nxe4 38. Rb7+ Kf8 39. Rb8+ Kf7 40. Rb7+ Kg8 41. Rb8+ Kh7 42. a3 Nc3 43. Rb4 Rc8 44. Bd2 Nd5 45. Rb5 Ne7 46. Bb4 Nc6 {[%emt 0:00:00] White must now prevent ...Nd4+.} 47. Rc5 Nd4+ 48. Ke4 Rb8 49. Rc7 {[%emt 0:00:00][%cal Og4g5] g5! would now be deadly.} Ra8 $2 {[%emt 0:00:00] [#]} (49... Kh8 $14) 50. g5 $1 $18 hxg5 (50... Kg8 51. g6) 51. hxg5 Nb5 $2 (51... Ra6 52. g6+ Kh6) 52. Rb7 Nxa3 53. gxf6 Nc2 54. Bc5 (54. Kxe5 Nxb4 55. Rxg7+ Kh8 $11) 54... Ra4+ 1-0

[Event "Marienbad Open IM B 2025"]
[Site "Marianske Lazne"]
[Date "2025.01.20"]
[Round "3.15"]
[White "Vaculik, Jakub"]
[Black "Sliwerski, Radoslaw"]
[Result "1/2-1/2"]
[Annotator "TA"]
[ECO "B90"]
[WhiteElo "2281"]
[BlackElo "2040"]
[PlyCount "143"]
[EventDate "2025.01.18"]
[EventType "tourn"]
[EventCountry "CZE"]
[SourceTitle "playchess.com"]
[Source "ChessBase"]
[SourceQuality "1"]
[TimeControl "40/5400+30:1800+30"]

1. e4 c5 2. Nf3 d6 3. d4 cxd4 4. Nxd4 Nf6 5. Nc3 a6 6. Qd3 e6 7. a4 Be7 8. Be2 O-O 9. Qg3 Kh8 10. O-O Bd7 11. Rd1 Qc7 12. Be3 Nc6 13. Nb3 Ne5 14. a5 Rac8 15. Bb6 Qb8 $1 16. Nd2 Bc6 17. f4 Ng6 18. Be3 Bd8 19. Bd3 Bc7 20. Nf3 Rcd8 21. Nd4 Bd7 22. Nde2 Bc6 23. h3 ({White should try} 23. Qh3 $14) 23... Ne7 (23... e5 $1 $11) 24. Qh4 (24. Nd4 $14) 24... b5 {[%emt 0:04:42] [#]} (24... e5 $11 {keeps the balance.}) 25. axb6 $1 $16 {[%emt 0:03:19] White is more active.} Bxb6 26. Bxb6 Qxb6+ 27. Kh1 (27. Qf2 $14 Qxf2+ 28. Kxf2) 27... Ng6 $11 28. Qg3 a5 29. b3 Qb4 30. Qe3 e5 31. fxe5 dxe5 32. Bc4 Rxd1+ 33. Rxd1 a4 34. Ra1 axb3 35. cxb3 Ra8 36. Rxa8+ Bxa8 37. Bxf7 Nxe4 38. Bxg6 hxg6 39. Nxe4 Bxe4 $14 {[%emt 0:01:37][%mdl 4096] Endgame KQB-KQN} 40. Kh2 Qb7 41. Qg5 Bf5 42. Qh4+ Kg8 43. Qc4+ Kh7 44. Nc3 e4 45. b4 e3 46. Qh4+ Kg8 {[%emt 0:00:07] And now ...Qc7+ would win.} 47. Qd8+ Kh7 48. b5 Bd7 49. Qh4+ Kg8 50. Qc4+ Kh7 51. Kg3 e2 52. Nxe2 {[%emt 0:03:24] Qh4+ is the strong threat.} Qxb5 53. Qh4+ Qh5 54. Qxh5+ gxh5 $11 {[%emt 0:00:01] KB-KN} 55. Kf4 Kh6 56. h4 g6 57. Nd4 Bg4 58. g3 Bd7 59. Nf3 Bg4 60. Ng5 Bf5 61. Ke5 Kg7 62. Nf3 Kf7 63. Nd4 Bd7 64. Ne2 Bf5 65. Nf4 Bc2 66. Nd5 Bb3 67. Nc7 Bc4 68. Na8 Bd3 69. Nb6 Bf5 70. Nd5 Be6 71. Nf4 Bc4 72. Nh3 1/2-1/2